 Dungeon Crawl Stone Soup version 0.27.1-37-g7b29ead8ac (webtiles) character file.

Game seed: 12499542287914914434

3192 TittyCrusher the Destroyer (level 9, -5/51 HPs)
             Began as an Octopode Fire Elementalist on June 24, 2023.
             Was a Follower of Vehumet.
             Shot with a sling bullet by Joseph (13 damage)
             ... on level 8 of the Dungeon.
             The game lasted 00:25:09 (9049 turns).

TittyCrusher the Destroyer (OpFE)                   Turns: 9049, Time: 00:25:09

Health: -5/51      AC:  7    Str: 10    XL:     9   Next: 96%
Magic:  1/15       EV: 13    Int: 20    God:    Vehumet [*.....]
Gold:   303        SH:  0    Dex: 12    Spells: 2/17 levels left

rFire    . . .     SeeInvis .   a - +3 short sword (venom)
rCold    . . .     Faith    .   (no shield)
rNeg     . . .     Spirit   .   (helmet restricted)
rPois    .         Reflect  .   (no amulet)
rElec    .         Harm     .   f - +4 ring of protection
rCorr    .         Rampage  .   (no ring)
Will     .....                  (no ring)
Stlth    +++.......             (no ring)
HPRegen  0.17/turn              (no ring)
MPRegen  0.14/turn              (no ring)
                                (no ring)
                                (no ring)

@: no status effects
A: almost no armour, amphibious, 8 rings, camouflage 1, gelatinous body 1,
(nimble swimmer 1), tentacles, iridescent scales 1, clever 1
a: Renounce Religion


You were on level 8 of the Dungeon.
You worshipped Vehumet.
Vehumet was aware of your devotion.
You visited 1 branch of the dungeon, and saw 8 of its levels.

You collected 303 gold pieces.

Inventory:

Hand Weapons
 a - a +3 short sword of venom (weapon)
 b - a +0 hunting sling
 d - a +0 quarterstaff
 j - a +0 dagger
 r - a +1 dagger of venom
Missiles
 e - 12 javelins
 t - 14 poisoned darts
 x - 2 throwing nets
Jewellery
 f - a +4 ring of protection (left tentacle)
 o - an amulet of faith
Wands
 i - a wand of flame (7)
Scrolls
 g - 2 scrolls of teleportation
 h - a scroll of acquirement {unknown}
 m - a scroll of amnesia
 n - a scroll of silence {unknown}
 p - a scroll of fog {unknown}
 q - a scroll of immolation {unknown}
Potions
 c - 5 potions of curing
 k - a potion of ambrosia
 s - a potion of mutation
 u - a potion of attraction {unknown}
 v - a potion of lignification {unknown}
 w - a potion of heal wounds {unknown}


   Skills:
 - Level 2.0 Dodging
 - Level 2.6 Stealth
 - Level 4.5 Spellcasting
 + Level 9.2 Conjurations
 - Level 3.6 Translocations
 + Level 8.6 Fire Magic


You had 2 spell levels left.
You knew the following spells:

 Your Spells              Type           Power      Damage    Failure   Level
a - Foxfire               Conj/Fire      100%       2x1d9     1%          1
b - Conjure Flame         Conj/Fire      40%        6-21      1%          3
c - Sticky Flame          Conj/Fire      40%        2d6       3%          4
d - Fireball              Conj/Fire      20%        3d10      9%          5
e - Blink                 Tloc           N/A        N/A       4%          2

Your spell library contained the following spells:

 Spells                   Type           Power      Damage    Failure   Level
 Freeze                   Ice            16%        1d4       12%         1
 Apportation              Tloc           38%        N/A       2%          1
 Summon Small Mammal      Summ           16%        N/A       12%         1
 Inner Flame              Hex/Fire       21%        N/A       6%          3
 Lesser Beckoning         Tloc           9%         N/A       9%          3
 Manifold Assault         Tloc           19%        N/A       58%         5
 Alistair's Intoxication  Tmut/Pois      2%         N/A       98%         5
 Invisibility             Hex            2%         N/A       100%        6


Dungeon Overview and Level Annotations

Branches:
Dungeon (8/15)             Temple (0/1) D:5
   Lair: D:8-11

Altars:
Ashenzari
Kikubaaqudgha
Makhleb
Ru
Sif Muna
Trog
Vehumet

Shops:
D:4 :   D:6 *(

Annotations:
D:2 1 runed translucent door, Crazy Yiuf
D:7 1 transporter, cbfl8's ghost, weakling MiDe
D:8 Joseph


Innate Abilities, Weirdness & Mutations

You cannot wear most types of armour.
You are amphibious.
You can wear up to eight rings at the same time.
Your skin changes colour to match your surroundings (Stealth+).
Your rubbery body absorbs attacks. (AC +1, EV +1)
((You are camouflaged near water. (Stealth+)))
You have tentacles for arms and can constrict up to eight enemies at once.
You are partially covered in iridescent scales. (AC +2)
Your mind is acute. (Int +2)


Message History

The fireball explodes!
The fireball engulfs Joseph!!
Joseph is severely wounded.
You hear a shout!
Unknown command.
Unknown command.
Casting: Fireball (quite dangerous; 9% risk of failure)
Confirm with . or Enter, or press ? or * to list all spells.
The spell is quite dangerous to cast (9% risk of failure)!
Continue anyway?
Aiming: Fireball (quite dangerous; 9% risk of failure)
Press: ? - help, Shift-Dir - straight line, f/p - Joseph
Aim: Joseph, wielding a +0 hunting sling, wearing a +0 leather armour, quivering sling bullets and carrying a wand of acid (9) (severely wounded)
The fireball explodes!
The fireball engulfs Joseph!
Joseph is severely wounded.
Joseph shoots a sling bullet.
The sling bullet closely misses you.
Unknown command.
Aiming: Throw Flame
Press: ? - help, Shift-Dir - straight line, f/p - Joseph
Aim: Joseph, wielding a +0 hunting sling, wearing a +0 leather armour, quivering sling bullets and carrying a wand of acid (9) (severely wounded, 68% to hit)
The puff of flame hits Joseph!
Joseph is almost dead.
Joseph shoots a sling bullet.
The sling bullet hits you!
Unknown command.
Aiming: Throw Flame
Press: ? - help, Shift-Dir - straight line, f/p - Joseph
Aim: Joseph, wielding a +0 hunting sling, wearing a +0 leather armour, quivering sling bullets and carrying a wand of acid (9) (almost dead, 68% to hit)
The puff of flame hits Joseph but does no damage.
Joseph is almost dead.
Joseph shoots a sling bullet.
The sling bullet misses you.
Unknown command.
Aiming: Throw Flame
Press: ? - help, Shift-Dir - straight line, f/p - Joseph
Aim: Joseph, wielding a +0 hunting sling, wearing a +0 leather armour, quivering sling bullets and carrying a wand of acid (9) (almost dead, 68% to hit)
The puff of flame hits Joseph.
Joseph is almost dead.
Joseph zaps a wand.
The bolt of acid hits you!
You are splashed with acid!
* * * LOW HITPOINT WARNING * * *
Unknown command.
Unknown command.
Joseph shoots a sling bullet.
The sling bullet hits you!
You die...

#
#..####
#....@#
#.....##
#.....
#.....
#..@..
#.....
#.....
######


You could see Joseph.

Vanquished Creatures
  A troll (D:7)
  Prince Ribbit (D:5)
  Eustachio (D:5)
  3 water moccasins
  A sky beast (D:6)
  A black bear (D:6)
  A necrophage (D:6)
  6 ogres
  2 phantoms
  A gnoll sergeant (D:5)
  4 bullfrogs
  A water moccasin zombie (D:6)
  2 scorpions
  A wyvern skeleton (D:7)
  A wight (D:7)
  A centaur zombie (D:6)
  2 hounds
  An orc priest (D:4)
  2 jellies
  4 bullfrog skeletons
  3 iguanas
  2 centaur skeletons
  Natasha (thrice) (D:3)
  3 orc wizards
  A hound skeleton (D:5)
  5 gnolls (D:5)
  7 adders
  A shadow imp (D:7)
  An ufetubus (D:5)
  An adder skeleton (D:4)
  2 worms
  3 dart slugs
  28 orcs
  5 ball pythons
  7 endoplasms
  4 giant cockroaches
  11 goblins
  2 hobgoblins
  A jackal (D:4)
  3 quokkas
  4 bats
  2 frilled lizards
  4 kobolds
  7 rats
147 creatures vanquished.

Vanquished Creatures (collateral kills)
  An orc (D:3)
1 creature vanquished.

Vanquished Creatures (others)
  572 foxfires
572 creatures vanquished.

Grand Total: 720 creatures vanquished

Notes
Turn   | Place    | Note
-------+----------+-------------------------------------------
     0 | D:1      | TittyCrusher the Octopode Fire Elementalist began the quest
                  | for the Orb.
     0 | D:1      | Reached XP level 1. HP: 11/11 MP: 3/3
   383 | D:1      | Reached XP level 2. HP: 17/17 MP: 0/5
  1149 | D:1      | Reached XP level 3. HP: 21/21 MP: 5/7
  1535 | D:2      | Found a runed translucent door.
  1536 | D:2      | Noticed Crazy Yiuf
  1696 | D:2      | Reached XP level 4. HP: 27/27 MP: 2/9
  2244 | D:3      | Noticed Natasha
  2250 | D:3      | Killed Natasha
  2413 | D:3      | Reached XP level 5. HP: 27/31 MP: 2/11
  2417 | D:3      | Reached skill level 2 in Conjurations
  2655 | D:3      | Noticed Natasha
  2662 | D:3      | Killed Natasha
  2704 | D:3      | Learned a level 3 spell: Conjure Flame
  2709 | D:3      | Learned a level 4 spell: Sticky Flame
  2715 | D:3      | Learned a level 5 spell: Fireball
  2901 | D:4      | Reached skill level 3 in Conjurations
  2955 | D:4      | Noticed an ogre
  2970 | D:4      | Reached XP level 6. HP: 36/36 MP: 5/12
  3086 | D:3      | Reached skill level 4 in Conjurations
  3422 | D:3      | Noticed Natasha
  3427 | D:3      | Killed Natasha
  3428 | D:3      | Reached XP level 7. HP: 41/41 MP: 8/13
  3499 | D:4      | Reached skill level 5 in Conjurations
  3669 | D:4      | Found Optoicim's Book Shop.
  3981 | D:4      | Learned a level 2 spell: Blink
  4210 | D:4      | Reached skill level 1 in Translocations
  4301 | D:5      | Entered Level 5 of the Dungeon
  4324 | D:5      | Noticed Eustachio
  4334 | D:5      | Killed Eustachio
  4497 | D:5      | Found a bloodstained altar of Trog.
  4501 | D:5      | Found a sacrificial altar of Ru.
  4539 | D:5      | Found an ancient bone altar of Kikubaaqudgha.
  4607 | D:5      | Found a broken altar of Ashenzari.
  4632 | D:5      | Reached XP level 8. HP: 46/46 MP: 7/14
  5019 | D:5      | Found a shimmering blue altar of Sif Muna.
  5021 | D:5      | Found a radiant altar of Vehumet.
  5026 | D:5      | Got Sif Muna's Grimoire of Companions
  5035 | D:5      | Became a worshipper of Vehumet
  5103 | D:5      | Found a staircase to the Ecumenical Temple.
  5325 | D:5      | Reached skill level 6 in Conjurations
  5466 | D:5      | Noticed Prince Ribbit
  5470 | D:5      | Killed Prince Ribbit
  5471 | D:5      | Reached skill level 5 in Fire Magic
  5790 | D:6      | Reached skill level 7 in Conjurations
  5966 | D:6      | Reached XP level 9. HP: 51/51 MP: 9/15
  6100 | D:6      | Found Xil Ozo's Weapon Shop.
  6464 | D:6      | Reached skill level 8 in Conjurations
  6571 | D:6      | Found Xotasyca's CLEARANCE SALE! EVERYTHING MUST GO!.
  6758 | D:7      | Noticed a boulder beetle
  7241 | D:7      | Noticed a troll
  7488 | D:7      | Killed a troll
  7488 | D:7      | Reached * piety under Vehumet
  7488 | D:7      | Offered knowledge of Freeze by Vehumet.
  7981 | D:7      | Found a transporter.
  7985 | D:7      | Noticed cbfl8's ghost (weakling MiDe)
  8276 | D:7      | Reached skill level 9 in Conjurations
  8588 | D:7      | Found a burning altar of Makhleb.
  8663 | D:7      | Gained mutation: Your mind is acute. (Int +2) [potion of
                  | mutation]
  8663 | D:7      | Gained mutation: You are partially covered in iridescent
                  | scales. (AC +2) [potion of mutation]
  9042 | D:8      | Noticed Joseph
  9049 | D:8      | Shot with a sling bullet by Joseph

Illustrated notes

Levels and vault maps discovered:
D:1:      nagdon_arrival_double_spiral, layout_basic
D:2:      layout_rooms, uniq_crazy_yiuf_cottage
D:3:      layout_rooms, portal_sewer_entry_e, uniq_natasha
D:4:      layout_loops_ring, serial_shops, nicolae_shop_behind_doors,
          minmay_fractal_squares_5
D:5:      layout_cave_pools, grunt_temple_overflow_magic_moments,
          nicolae_overflow_hidden_temple, minitemple, minmay_temple_entry_hall,
          uniq_prince_ribbit1, uniq_eustachio
D:6:      layout_basic, serial_shops, nicolae_shop_crystal,
          nicolae_shop_clearance
D:7:      cheibrodos_barr_body, layout_rooms, bloody_makhleb,
          gammafunk_ghost_berserking_beasts, kennysheep_generic_room_5
D:8:      layout_basic, serial_bayou, serial_bayou_ford_a, serial_bayou_pond_a,
          serial_bayou_crossing, serial_bayou_pond_b, uniq_grum, uniq_harold,
          uniq_joseph

Skill      XL: |  1  2  3  4  5  6  7  8  9 |
---------------+----------------------------+-----
Spellcasting   | 3 4 |  4.5
Conjurations   | 3 4 5 7 9 |  9.2
Fire Magic     | 4 6 8 |  8.6
Translocations | 3 |  3.6
Dodging        | |  2.0
Stealth        | |  2.6

Action                   |  1- 3 |  4- 6 |  7- 9 || total
-------------------------+-------+-------+-------++-------
Melee: Constrict         |     1 |     5 |    14 ||    20
       Dagger            |     1 |    12 |     4 ||    17
       Quarterstaff      |       |     4 |       ||     4
       Tentacles         |       |     1 |    12 ||    13
       Short sword       |       |       |    42 ||    42
 Cast: Foxfire           |    63 |    87 |   182 ||   332
       Conjure Flame     |       |     1 |     9 ||    10
       Sticky Flame      |       |       |    16 ||    16
       Fireball          |       |       |     3 ||     3
Evoke: Wand              |       |       |     5 ||     5
  Use: Scroll            |       |     9 |     6 ||    15
       Potion            |       |     2 |     2 ||     4
Armor: Skin              |     1 |     2 |    24 ||    27
Dodge: Dodged            |     4 |    26 |    54 ||    84
